 Dungeon Crawl Stone Soup version 0.21-a0-260-g9b2435e (webtiles) character file.

886 tof the Poker (level 8, -1/58 HPs)
             Began as a Merfolk Summoner on Sept 7, 2017.
             Was an Initiate of Okawaru.
             Slain by an orc
             ... wielding a +1 whip of electrocution
              (10 damage)
             ... on level 6 of the Dungeon.
             The game lasted 00:19:21 (6395 turns).

tof the Poker (Merfolk Summoner)                    Turns: 6395, Time: 00:19:22

Health: -1/58      AC:  4    Str:  8    XL:     8   Next: 5%
Magic:  1/13       EV: 15    Int: 16    God:    Okawaru [......]
Gold:   313        SH:  0    Dex: 15    Spells: 10/14 levels left

rFire    x . .     SeeInvis .   a - +0 spear
rCold    + . .     Gourm    .   (no shield)
rNeg     . . .     Faith    .   y - +1 leather armour {MR+}
rPois    .         Spirit   .   (no helmet)
rElec    .         Reflect  .   u - scarf {cloud immunity}
rCorr    .         Harm     .   (no gloves)
MR       +....                  (no boots)
Stlth    ++........             (no amulet)
HPRegen  0.19/turn              n - ring of ice
MPRegen  0.13/turn              (no ring)

@: no status effects
A: change form in water, swift swim, stealthy swim
a: Renounce Religion


You were on level 6 of the Dungeon.
You worshipped Okawaru.
Okawaru was noncommittal.
You were very hungry.

You visited 2 branches of the dungeon, and saw 7 of its levels.

You collected 313 gold pieces.

Inventory:

Hand Weapons
 a - a +0 spear (weapon)
 b - a +1 hunting sling of velocity
Missiles
 s - 138 stones (quivered)
Armour
 e - a +0 robe
 u - a scarf of cloud immunity (worn)
 y - a +1 leather armour of magic resistance (worn)
Jewellery
 n - a ring of ice (left hand)
Wands
 A - a wand of iceblast (5/15)
Scrolls
 d - a scroll of fear
 h - a scroll of teleportation
 j - 4 scrolls of remove curse
 m - 2 scrolls of blinking
 o - a scroll of enchant armour
 p - 2 scrolls of noise {unknown}
 t - a scroll of recharging {unknown}
 w - a scroll of random uselessness {unknown}
 x - a scroll of magic mapping {unknown}
 z - a scroll of fog {unknown}
Potions
 g - a potion of flight
 i - 2 potions of magic
 k - a potion of brilliance {unknown}
 l - 5 potions of curing
 v - a potion of cancellation {unknown}
 C - a potion of heal wounds {unknown}
Books
 q - a book of Callings

   Spells                             Type                      Level
   a - Summon Small Mammal            Summoning                    1
   b - Call Imp                       Summoning                    2
   c - Call Canine Familiar           Summoning                    3
   d - Summon Guardian Golem          Hexes/Summoning              3
   e - Summon Lightning Spire         Summoning/Air                4
   f - Summon Ice Beast               Ice/Summoning                4
Comestibles
 c - 3 bread rations
 f - 3 royal jellies
 r - a chunk of flesh
 B - a meat ration


   Skills:
 + Level 3.1 Fighting
 * Level 7.1 Polearms
 * Level 6.1 Dodging
 - Level 2.1 Stealth
 + Level 3.6 Spellcasting
 + Level 5.3 Summonings


You had 10 spell levels left.
You knew the following spells:

 Your Spells              Type           Power        Failure   Level  Hunger
a - Summon Small Mammal   Summ           ###.         2%          1    None
b - Call Canine Familiar  Summ           ###.....     9%          3    ###....


Dungeon Overview and Level Annotations

Branches:
Dungeon (6/15)             Temple (1/1) D:5

Altars:
Ashenzari
Cheibriados
Dithmenos
Elyvilon
Fedhas
Gozag
Hepliaklqana
Kikubaaqudgha
Makhleb
Nemelex Xobeh
Okawaru
Qazlal
Ru
Sif Muna
Trog
Uskayaw
Vehumet
Wu Jian
Xom
Yredelemnul
Zin
The Shining One


Message History

You swap places.
The centaur closely misses your rat.
Your quokka bites the centaur.
The centaur hits your quokka.
Your quokka bites the centaur but does no damage.
Your rat bites the centaur but does no damage.
An orc comes into view. It is wielding a whip of electrocution.
The centaur drinks a potion.
The centaur is healed!
Your quokka bites the centaur but does no damage.
Your rat bites the centaur.
The orc shouts!
The centaur closely misses your rat.
Your quokka bites the centaur but does no damage.
The centaur closely misses your rat.
Your rat bites the centaur.
The centaur hits your rat.
Your rat dies!
Your rat's corpse disappears in a puff of smoke!
Your quokka bites the centaur but does no damage.
Your bat barely misses the centaur.
The centaur misses your bat.
Your quokka barely misses the centaur.
The orc hits you but does no damage.
You are electrocuted!
You die...

#.... #. ##...# #....... #...
.###....# ##..<... #.. #.#.....##
#...... #(# #.#......# ##......
#)# ##.......# #....... #(#
#........###....... #(#
#........##........ #.# ###
##........##........ ..# #.#####
#..@o.....))........ ..###.....##
##......).##.)......
..##.......###.#.......###.###...
.(##....b..##.########## #.# ####
..##.......#b## #.##
..##......#.## #..#####
..###....rc## #......# ..#
#.....## #....... ..# #....##
#.......


You could see a centaur, an orc, a friendly quokka and a friendly bat.

Vanquished Creatures
  A phantom (D:5)
  An ogre (D:6)
  A centaur (D:5)
  A bullfrog (D:5)
  A scorpion (D:6)
  An orc priest (D:5)
  2 hounds (D:5)
  An iguana (D:5)
  An orc wizard (D:5)
  A worker ant (D:5)
  A hound skeleton (D:4)
  A shadow imp (D:5)
  A dart slug (D:3)
  A leopard gecko (D:3)
  5 orcs
  2 giant cockroaches (D:2)
  7 goblins
  6 hobgoblins
  6 jackals
  4 kobolds
  2 quokkas
  5 bats (D:3)
  3 frilled lizards
  5 rats
60 creatures vanquished.

Vanquished Creatures (collateral kills)
  An ice beast (D:2)
  An ogre (D:5)
  A bullfrog (D:6)
  A howler monkey (D:6)
  A centaur zombie (D:5)
  A hound (D:5)
  3 orc priests
  A bullfrog skeleton (D:4)
  An orc wizard (D:2)
  2 worker ants (D:6)
  A hound zombie (D:6)
  3 adders
  A worm (D:4)
  3 dart slugs
  3 leopard geckos
  8 orcs
  A ball python (D:3)
  2 giant cockroaches (D:4)
  A goblin (D:1)
  4 hobgoblins
  9 jackals
  A quokka (D:5)
  2 bats (D:1)
  3 frilled lizards
  4 kobolds
  A rat (D:3)
60 creatures vanquished.

Grand Total: 120 creatures vanquished

Notes
Turn   | Place    | Note
-------+----------+-------------------------------------------
     0 | D:1      | tof the Merfolk Summoner began the quest for the Orb.
     0 | D:1      | Reached XP level 1. HP: 13/13 MP: 3/3
   395 | D:1      | Reached XP level 2. HP: 16/20 MP: 3/5
   817 | D:1      | Reached skill level 1 in Polearms
  1281 | D:2      | Noticed an ice beast
  1320 | D:2      | HP: 1/20 [ice beast (6)]
  1321 | D:2      | Killed an ice beast
  1321 | D:2      | Reached skill level 1 in Fighting
  1321 | D:2      | Reached skill level 2 in Polearms
  1321 | D:2      | Reached XP level 3. HP: 1/26 MP: 1/6
  1321 | D:2      | Reached XP level 4. HP: 2/32 MP: 1/7
  2105 | D:3      | Reached skill level 3 in Polearms
  2267 | D:2      | Learned a level 3 spell: Call Canine Familiar
  2861 | D:3      | Reached XP level 5. HP: 34/37 MP: 5/8
  3670 | D:4      | Reached skill level 4 in Polearms
  4230 | D:4      | Found a bloodstained altar of Trog.
  4310 | D:5      | Entered Level 5 of the Dungeon
  4378 | D:5      | Reached XP level 6. HP: 33/44 MP: 2/10
  4534 | D:5      | Found a snail-covered altar of Cheibriados.
  4682 | D:5      | Reached skill level 5 in Polearms
  4956 | D:5      | Reached XP level 7. HP: 50/51 MP: 5/11
  4965 | D:5      | Reached skill level 5 in Summonings
  5082 | D:5      | Reached skill level 6 in Polearms
  5195 | D:5      | Reached skill level 5 in Dodging
  5289 | D:5      | Found a staircase to the Ecumenical Temple.
  5440 | Temple   | Entered the Ecumenical Temple
  5541 | Temple   | Became a worshipper of Warmaster Okawaru
  6342 | D:6      | Reached skill level 7 in Polearms
  6342 | D:6      | Reached XP level 8. HP: 58/58 MP: 2/13
  6395 | D:6      | Slain by an orc

Vault maps used:
D:1:      shiori_shiawase, minmay_split_cup_small
D:4:      overflow_temple_1_default, first_bread
D:5:      minmay_temple_entry_overgrown, basic_altar
Temple:   kilobyte_greek_temple

Skill      XL: |  1  2  3  4  5  6  7 |
---------------+----------------------+-----
Dodging        | 3 4 6 |  6.1
Polearms       | 2 3 4 5 7 |  7.1
Fighting       | 1 2 3 |  3.1
Spellcasting   | 3 |  3.6
Summonings     | 5 |  5.3
Stealth        | |  2.1

Action                   |  1- 3 |  4- 6 |  7- 9 || total
-------------------------+-------+-------+-------++-------
Melee: Spear             |    57 |   214 |   171 ||   442
       Unarmed           |     5 |       |       ||     5
 Fire: Hunting sling     |       |     7 |    12 ||    19
 Cast: Summon Small Mamm |    32 |    25 |     9 ||    66
       Call Canine Famil |       |    26 |    19 ||    45
  Use: Scroll            |       |     7 |       ||     7
 Stab: Sleeping          |     1 |     5 |     2 ||     8
       Distracted        |     1 |     3 |     1 ||     5
  Eat: Chunk             |     2 |    10 |     5 ||    17
       Bread ration      |       |     1 |       ||     1
       Fruit             |       |       |     1 ||     1
Armor: Robe              |     9 |    19 |       ||    28
       Leather armour    |       |     5 |    12 ||    17
Dodge: Dodged            |    39 |   124 |    63 ||   226

Table legend:
 A = Spawn XP
 B = Non-spawn XP
 C = Spawn XP percentage of total XP
 D = Spawn monster count
 E = Non-spawn monster count
 F = Spawn count percentage of total count
 G = Total turns spent on level
                    A         B        C        D         E        F      G
               +---------+---------+-------+---------+---------+-------+---------
         Total |       0 |    1267 |   0.0 |       0 |     120 |   0.0 |  6395
               +---------+---------+-------+---------+---------+-------+---------
           D:1 |       0 |      25 |   0.0 |       0 |      18 |   0.0 |  1086
           D:2 |       0 |     113 |   0.0 |       0 |       9 |   0.0 |  1519
           D:3 |       0 |      71 |   0.0 |       0 |      45 |   0.0 |  1016
           D:4 |       0 |      62 |   0.0 |       0 |       8 |   0.0 |   689
           D:5 |       0 |     650 |   0.0 |       0 |      26 |   0.0 |  1298
           D:6 |       0 |     346 |   0.0 |       0 |      14 |   0.0 |   653
               +---------+---------+-------+---------+---------+-------+---------
